 Dungeon Crawl Stone Soup version 0.17.0-26-gececa24 (console) character file.

39 gw the Scratcher (level 3, -2/17 HPs)
             Began as a Felid Monk on Nov 20, 2015.
             Slain by an adder (4 damage)
             ... on level 2 of the Dungeon.
             The game lasted 00:01:04 (1145 turns).

gw the Scratcher (Felid Monk)                       Turns: 1145, Time: 00:01:04

Health: -2/17      AC:  1    Str:  7    XL:     3   Next: 26%
Magic:  4/4        EV: 15    Int: 11    God:
Gold:   43         SH:  0    Dex: 19    Spells: 0 memorised, 2 levels left
                                        Lives:  0   Deaths: 0

rFire  . . .     SeeInvis +       - Unarmed
rCold  . . .     Clarity  .     (armour unavailable)
rNeg   . . .     SustAt   .     (shield unavailable)
rPois  .         Gourm    .     (helmet unavailable)
rElec  .         Spirit   .     (cloak unavailable)
rCorr  .         Warding  .     (gloves unavailable)
rMut   .         Stasis   .     (boots unavailable)
MR     .....                    (no amulet)
Stlth  +++.......               (no ring)
                                (no ring)

@: lethally poisoned (-2 -> -8), quick, not resistant to hostile enchantments,
fairly stealthy
A: no armour, no weapons or thrown items, claws 1, fangs 3, see invisible,
carnivore 3, speed 1, shaggy fur 1, slow metabolism 1, sharp paws
a: no special abilities


You were on level 2 of the Dungeon.
You were completely stuffed.

You visited 1 branch of the dungeon, and saw 2 of its levels.

You collected 43 gold pieces.

Inventory:

Comestibles
 a - a meat ration


   Skills:
 + Level 3.3 Fighting
 + Level 4.5 Dodging
 - Level 2.6 Stealth
 * Level 4.6 Unarmed Combat


You had 2 spell levels left.
You didn't know any spells.

Dungeon Overview and Level Annotations

Branches:
Dungeon (2/15)

Altars:
Ashenzari


Innate Abilities, Weirdness & Mutations

You cannot wear armour.
You are incapable of wielding weapons or throwing items.
You have sharp claws.
You have razor-sharp teeth.
You have supernaturally acute eyesight.
You are carnivorous and can eat meat at any time.
You cover ground quickly.
You are covered in fur (AC +1).
You have a slow metabolism.
Your sharp claws are effective at attacking unaware monsters.


Message History

You miss the adder. You bite the adder.
The adder is moderately wounded.
You feel sick. The adder closely misses you.
ATTACKING (1,1)
You claw the adder!
The adder is severely wounded.
The adder bites you.
FLEEEEING!
MOVING TO (-2,-1)
You feel sick.
MOVING TO (-1,0) MOVING TO (-1,-4)
You feel sick. The adder completely misses you.
MOVING TO (-1,-3)
The adder closely misses you.
MOVING TO (-1,-2) MOVING TO (-1,-1)
There is a stone staircase leading up here.
You feel sick. The adder bites you.
You die...

.. ..# #.## #
####..#
##.#.....## .
.........# ..
#....#.#
...##..h.#.#
#....##S#.#####
###...#.#..#..#
#...#...#.....#
#.#........##.#
.....#.###..##.#
.... #. ##....##
.## .. ##....#
... #....#


You could see an adder.

Table legend:
 A = Turns spent in this place as a percentage of turns spent in the entire game.
 B = Non-inter-level travel turns spent in this place as a percentage of non-inter-level travel turns spent in the entire game.
 C = Inter-level travel turns spent in this place as a percentage of turns spent in this place.
 D = Turns resting spent in this place as a percentage of non-inter-level travel turns spent in this place.
 E = Turns spent auto-exploring this place as a percentage of non-inter-level travel turns spent in this place.
 F = Non-inter-level travel turns spent in this place divided by the number of levels of this place that you've seen.
                   A       B       C       D       E      F
               +-------+-------+-------+-------+-------+----------------------
         Total | 100.0 | 100.0 |   0.6 |   0.6 |   2.3 | 1347.0
       Dungeon | 100.0 | 100.0 |   0.6 |   0.6 |   2.3 | 1347.0
               +-------+-------+-------+-------+-------+----------------------

Table legend:
 A = Kills in this place as a percentage of kills in entire the game.
 B = Kills by you in this place as a percentage of kills by you in the entire game.
 C = Kills by friends in this place as a percentage of kills by friends in the entire game.
 D = Other kills in this place as a percentage of other kills in the entire game.
 E = Experience gained in this place as a percentage of experience gained in the entire game.
 F = Experience gained in this place divided by the number of levels of this place that you have seen.
                   A       B       C       D       E      F
               +-------+-------+-------+-------+-------+----------------------
         Total | 100.0 | 100.0 |  -nan |  -nan | 100.0 |  28.0
       Dungeon | 100.0 | 100.0 |  -nan |  -nan | 100.0 |  28.0
               +-------+-------+-------+-------+-------+----------------------

Vanquished Creatures
  A worm (D:2)
  A giant gecko (D:1)
  4 bats
  3 giant cockroaches
  2 goblins
  9 hobgoblins (D:1)
  5 kobolds (D:1)
  2 giant newts (D:1)
  5 rats (D:1)
32 creatures vanquished.

Notes
Turn   | Place    | Note
--------------------------------------------------------------
     0 | D:1      | gw the Felid Monk began the quest for the Orb.
     0 | D:1      | Reached XP level 1. HP: 10/10 MP: 2/2
   207 | D:1      | Reached XP level 2. HP: 14/14 MP: 3/3
   787 | D:1      | Found a shattered altar of Ashenzari.
   902 | D:1      | Reached XP level 3. HP: 17/17 MP: 4/4
  1145 | D:2      | Slain by an adder

Action                   || total
-------------------------++-------
Melee: Unarmed           ||    82
  Use: Scroll            ||     4
       Potion            ||     4
 Stab: Sleeping          ||     7
       Distracted        ||     1
  Eat: Chunk             ||     8

Vault maps used:
D:1:      lightli_arrival_statuegarden, nicolae_ashenzari_panopticon
D:2:      st_stairs_4
